 Dungeon Crawl Stone Soup version 0.32-a0-675-gdc239d62e1 (webtiles) character file.

Game seed: 5048504971233596613

23 ipx the Chopper (level 2, -1/26 HPs)
             Began as a Mountain Dwarf Fighter on Mar 11, 2024.
             Slain by a cerulean imp
             ... wielding a +1 spear
             ... summoned by Natasha
              (3 damage)
             ... on level 3 of the Dungeon.
             The game lasted 00:04:44 (451 turns).

ipx the Chopper (Mountain Dwarf Fighter)             Turns: 451, Time: 00:04:44

Health: -1/26      AC:  8    Str: 18    XL:     2   Next: 72%
Magic:  2/2        EV:  9    Int:  8    God:
Gold:   22         SH:  4    Dex:  9    Spells: 1/1 levels left

rFire   . . .        a - +0 war axe
rCold   . . .        c - +0 buckler
rNeg    . . .        b - +0 scale mail
rPois   .            (no helmet)
rElec   .            k - +0 cloak
rCorr   .            (no gloves)
SInv    .            (no boots)
Will    .....        (no amulet) Stlth
                     (no ring)
HPRegen 0.24/turn    (no ring)
MPRegen 0.08/turn

%: no passive effects
@: no status effects
A: runic magic, artefact enchanting
a: no special abilities


You were on level 3 of the Dungeon.
You visited 1 branch of the dungeon, and saw 3 of its levels.

You collected 22 gold pieces.

Inventory:

Hand Weapons
 a - a +0 war axe (weapon)
Armour
 b - a +0 scale mail (worn)
 c - a +0 buckler (worn)
 k - a +0 cloak (worn)
Wands
 l - a wand of mindburst (8)
Scrolls
 f - a scroll of immolation {unknown}
 i - 2 scrolls of identify {unknown}
Potions
 d - a potion of might
 e - a potion of heal wounds {unknown}
 g - a potion of curing {unknown}
 h - a potion of magic {unknown}
 j - a potion of ambrosia {unknown}


   Skills:
 - Level 3.2 Fighting
 + Level 4.1 Axes
 - Level 3.2 Armour
 - Level 3.2 Shields


You had one spell level left.
You didn't know any spells.
Your spell library was empty.

Dungeon Overview and Level Annotations

Branches:
Dungeon (3/15)

Altars:

Annotations:
D:3 Natasha


Innate Abilities, Weirdness & Mutations

Your spellcasting is much less encumbered by armour.
You can use scrolls of enchantment on lesser artefacts.


Message History

You climb downwards.
There is a stone staircase leading up here.
Found a dagger.
Found an ivory wand.
l - a wand of mindburst (8)
Found a scroll labelled YGURO WYAQI.
Natasha, Servant of Life and Death comes into view.
Natasha hisses angrily.
Found a plate armour.
Found 5 poisoned darts.
You hit Natasha but do no damage. Natasha completely misses you.
You hit Natasha but do no damage. You block Natasha's attack.
Natasha claws you.
You closely miss Natasha. Natasha claws you.
You hit Natasha.
Natasha is lightly wounded.
Natasha claws you.
You barely miss Natasha.
Natasha is lightly wounded.
You block Natasha's attack. Natasha claws you but does no damage.
You barely miss Natasha. Natasha claws you.
You slash Natasha!
Natasha is heavily wounded.
Natasha casts a spell.
You barely miss Natasha.
Natasha is heavily wounded.
Natasha casts a spell at you. The magic dart hits you!
* * * LOW HITPOINT WARNING * * *
You block the cerulean imp's attack. You block Natasha's attack.
You miss Natasha.
Natasha is heavily wounded.
You block the cerulean imp's attack. Natasha claws you.
* * * LOW HITPOINT WARNING * * *
You hit Natasha but do no damage.
Natasha is heavily wounded.
The cerulean imp hits you but does no damage.
You block Natasha's attack.
The cerulean imp hits you from afar with a +1 spear.
You die...

#.# #.(## .#.#...
# ..#... .#
#[#..##.# ####
.......# ....
.?....# ....
#h.5..# #
##@#####.# #
#........# #
#..####### ###..#
..#..# #.#..#
#.#..#
#############.#..#
.................#


You could see Natasha and a cerulean imp (summoned).

Vanquished Creatures
  A dart slug (D:2)
  3 ball pythons
  A bat (D:1)
  2 endoplasms
  3 giant cockroaches (D:1)
  A goblin (D:2)
  4 kobolds (D:1)
  3 rats
18 creatures vanquished.

Notes
Turn   | Place    | Note
-------+----------+-------------------------------------------
     0 | D:1      | ipx the Mountain Dwarf Fighter began the quest for the Orb.
     0 | D:1      | Reached XP level 1. HP: 19/19 MP: 1/1
    44 | D:1      | Reached skill level 3 in Axes
   112 | D:1      | Reached XP level 2. HP: 24/25 MP: 2/2
   282 | D:2      | Reached skill level 4 in Axes
   439 | D:3      | Noticed Natasha
   450 | D:3      | HP: 1/26 [Natasha (1)]
   451 | D:3      | Slain by a cerulean imp

Illustrated notes

Levels and vault maps discovered:
D:1:      lightli_arrival_flooded_house, layout_loops_ring, serial_shops,
          nicolae_shop_rolling_square, dk_noncrumbling_2, bh_walls_and_bars
D:2:      layout_basic, basic_altar, uniq_terence
D:3:      layout_basic, mainiacjoe_overflow_brackets, mainiacjoe_overflow_paths,
          uniq_natasha, uniq_grinder

Skill      XL: |  1  2 |
---------------+-------+-----
Axes           | 3 4 |  4.1
Fighting       | |  3.2
Armour         | |  3.2
Shields        | |  3.2

Action                     || total
---------------------------++-------
  Melee: War axe           ||    67
 Armour: Scale mail        ||    52
  Dodge: Dodged            ||    18
  Block: Buckler           ||    18

Table legend: (Time is in decaauts)
 A = Elapsed time spent in this place.
 B = Non-inter-level travel time spent in this place.
 C = Inter-level travel time spent in this place.
 D = Time resting spent in this place.
 E = Time spent auto-exploring this place.
 F = Levels seen in this place.
 G = Mean time per level.
                   A        B        C        D        E       F      G
               +--------+--------+--------+--------+--------+-----+--------+
         Total |    474 |    474 |      0 |      0 |      0 |   3 |  158.0 |
       Dungeon |    474 |    474 |      0 |      0 |      0 |   3 |  158.0 |
               +--------+--------+--------+--------+--------+-----+--------+

Top non-repeatable levels by time:
     D:2: 216 daAuts
     D:1: 207 daAuts
     D:3: 51 daAuts
